Map: Orbital Shipyard

Players

Bop - Winner!

  • Race: Protoss Protoss

炸弹人头号粉丝

  • Race: Terran Terran

VOD

Have the link to the VOD?

Description

Time

  • Played on: May 7, 2015, 5:34 a.m.
  • Length: 6:01
Show
View Real Time Build Order
Export as new Build Order

Bop Protoss - Winner!

Build Orders:  

Get SALT Encoding   

  12  0:01  Probe  
  13  0:15  Pylon  
  13  0:17  Probe  
  14  0:33  Probe (Chrono Boost)  
  14  0:35  Gateway  
  15  0:45  Probe (Chrono Boost), Assimilator  
  16  0:53  Probe (Chrono Boost)  
  17  1:02  Probe (Chrono Boost)  
  18  1:13  Probe (Chrono Boost)  
  19  1:20  Probe (Chrono Boost)  
  19  1:22  Cybernetics Core  
  20  1:26  Gateway  
  20  1:31  Probe  
  21  1:35  Pylon  
  21  1:59  Adept (Chrono Boost), Warp Gate (Chrono Boost)  
  23  2:11  Nexus  
  25  2:22  Adept x2 (Chrono Boost)  
  27  2:31  Probe  
  27  2:36  Pylon  
  28  2:43  Probe  
  29  2:54  Adept x2  
  29  2:55  Probe  
  34  3:07  Probe  
  35  3:19  Mothership Core (Chrono Boost)  
  37  3:23  Adept  
  37  3:26  Probe, Assimilator  
  40  3:40  Probe (Chrono Boost)  
  40  3:42  Pylon  
  40  3:44  Probe (Chrono Boost)  
  41  3:49  Probe (Chrono Boost)  
  41  3:51  Probe (Chrono Boost)  
  40  3:57  Probe  
  40  4:02  Probe (Chrono Boost)  
  42  4:09  Stargate  
  41  4:10  Probe (Chrono Boost)  
  41  4:11  Gateway  
  41  4:13  Gateway  
  41  4:14  Probe (Chrono Boost)  
  42  4:20  Probe (Chrono Boost)  
  42  4:22  Probe (Chrono Boost)  
  42  4:23  Pylon  
  44  4:27  Probe (Chrono Boost)  
  45  4:31  Probe (Chrono Boost)  
  45  4:33  Assimilator  
  45  4:35  Assimilator  
  47  4:39  Probe (Chrono Boost)  
  47  4:43  Probe (Chrono Boost)  
  46  4:46  Stalker x2  
  46  4:52  Probe x2  
  52  4:55  Oracle (Chrono Boost)  
  53  5:20  Probe (Chrono Boost)  
  51  5:22  Probe (Chrono Boost)  
  51  5:23  Phoenix (Chrono Boost)  
  51  5:25  Adept x4  
  61  5:33  Probe (Chrono Boost)  
  62  5:44  Probe x2  
  62  5:47  Nexus  
Show
View Real Time Build Order
Export as new Build Order

炸弹人头号粉丝 Terran 

Build Orders: Cyclone Opening, Mech 

Get SALT Encoding   

  12  0:00  SCV  
  13  0:13  SCV  
  14  0:18  Supply Depot  
  14  0:25  SCV  
  15  0:29  Refinery  
  15  0:39  SCV  
  16  0:46  Barracks  
  16  0:52  SCV  
  17  1:04  SCV  
  18  1:16  SCV  
  19  1:32  Orbital Command  
  19  1:34  Factory, Marine  
  20  1:42  Supply Depot  
  20  1:52  Marine  
  21  1:58  SCV  
  22  2:09  Command Center  
  22  2:13  Marine  
  23  2:17  SCV, Factory Tech Lab  
  24  2:25  Supply Depot  
  24  2:29  SCV  
  25  2:37  Cyclone  
  28  2:52  Command Center  
  28  2:56  Refinery  
  28  2:58  SCV  
  29  3:10  SCV  
  29  3:22  SCV  
  29  3:34  SCV, Orbital Command  
  25  3:38  Cyclone  
  28  3:46  SCV  
  24  3:58  SCV  
  23  4:03  SCV  
  23  4:06  Orbital Command  
  24  4:10  SCV  
  24  4:15  SCV  
  24  4:16  Cyclone  
  29  4:22  SCV, Refinery  
  30  4:27  SCV  
  30  4:31  Factory  
  31  4:34  SCV x2  
  33  4:39  SCV  
  34  4:46  SCV  
  34  4:47  SCV  
  34  4:51  SCV  
  37  4:58  Siege Tank  
  37  4:59  SCV x2, Barracks Reactor  
  42  5:12  SCV x2  
  42  5:13  SCV  
  42  5:27  SCV x3  
  45  5:32  Refinery  
  45  5:38  Command Center  
  45  5:39  SCV  
  45  5:42  SCV x2, Factory  
  48  5:48  Barracks Reactor  
Tags
 
Add a new tag
Caveats
  • Supply blocks, unpowered buildings, or Contaminate may cause inaccurate times.
  • Supply counts are checked every 10 seconds.